Map: Darkness Sanctuary LE

Players

Isszul - Winner!

  • Race: Zerg Zerg
  • Spawn Location: 7:00

OniKratos

  • Race: Terran Terran
  • League: Diamond
  • Spawn Location: 11:00

VOD

Have the link to the VOD?

Description

Time

  • Played on: May 21, 2018, 12:07 p.m.
  • Length: 15:19
Show
View Real Time Build Order
Export as new Build Order

Isszul Zerg - Winner!

Build Orders: Hatch First 

Get SALT Encoding   

  12  0:00  Drone  
  13  0:15  Overlord  
  13  0:16  Drone  
  14  0:33  Drone x2  
  16  0:37  Drone  
  17  0:54  Hatchery  
  17  0:55  Drone  
  17  1:00  Drone  
  18  1:12  Extractor  
  18  1:15  Spawning Pool  
  18  1:17  Drone  
  17  1:21  Drone  
  18  1:30  Drone  
  19  1:42  Overlord  
  19  1:52  Drone  
  20  2:01  Queen  
  20  2:03  Zergling x2  
  20  2:06  Queen  
  20  2:07  Zergling x2  
  26  2:13  Metabolic Boost  
  26  2:14  Drone  
  27  2:23  Drone  
  27  2:25  Drone  
  27  2:27  Drone  
  30  2:38  Drone  
  30  2:43  Hatchery  
  30  2:47  Drone x2  
  32  2:51  Overlord  
  32  2:57  Overlord  
  32  3:02  Drone  
  33  3:09  Queen  
  33  3:10  Queen  
  37  3:14  Zergling x4  
  37  3:15  Zergling x2  
  40  3:20  Zergling x2  
  40  3:21  Zergling x4  
  40  3:24  Drone  
  40  3:25  Drone  
  40  3:27  Drone  
  46  3:41  Roach Warren  
  45  3:42  Zergling x2  
  45  3:43  Zergling x2  
  45  3:45  Queen  
  49  4:01  Drone x3  
  52  4:03  Extractor, Drone  
  52  4:04  Overlord  
  51  4:24  Queen x2  
  51  4:29  Hatchery, Roach x3  
  51  4:30  Extractor  
  58  4:51  Zergling x4  
  60  5:02  Drone  
  60  5:04  Lair  
  57  5:15  Roach  
  57  5:16  Overlord x4  
  57  5:17  Overlord  
  59  5:24  Hatchery  
  56  5:38  Roach x5  
  56  5:39  Roach x2  
  56  5:41  Queen  
  72  5:55  Drone x4  
  80  6:04  Roach x4  
  83  6:22  Ravager x2  
  82  6:48  Drone x9  
  82  6:49  Drone x6  
  97  6:55  Drone  
  100  7:01  Drone x3  
  101  7:22  Ravager  
  102  7:25  Overlord  
  102  7:26  Overlord x2  
  102  7:39  Roach x5  
  112  7:58  Spire  
  111  8:00  Drone x11  
  111  8:01  Extractor  
  118  8:17  Hatchery  
  117  8:28  Queen x4  
  117  8:32  Ravager  
  123  8:37  Overseer  
  123  8:42  Extractor  
  123  8:45  Extractor  
  118  9:10  Mutalisk x2, Infestation Pit  
  118  9:11  Mutalisk x5  
  118  9:14  Zergling x8  
  118  9:15  Overlord, Zergling x2  
  118  9:16  Overlord x8  
  136  9:34  Spore Crawler  
  136  9:37  Spore Crawler  
  134  9:50  Roach  
  134  9:51  Roach x15  
  134  9:52  Roach  
  168  9:53  Zergling x12  
  174  10:06  Drone x8  
  182  10:11  Mutalisk  
  184  10:37  Zergling x36  
  200  10:48  Overlord x2  
  200  10:49  Overlord  
  200  10:52  Extractor  
  200  10:54  Extractor  
  200  10:55  Hive  
  198  10:59  Baneling Nest  
  198  11:00  Evolution Chamber  
  198  11:01  Evolution Chamber  
  198  11:03  Evolution Chamber  
  194  11:05  Drone x3  
  194  11:06  Drone x3  
  194  11:09  Pneumatized Carapace  
  176  11:51  Zergling x12  
  176  11:52  Zergling x44  
  144  12:05  Mutalisk x4  
  144  12:06  Mutalisk x4  
  142  12:10  Zergling x2  
  142  12:13  Centrifical Hooks  
  142  12:15  Zerg Melee Weapons Level 1, Zerg Ground Armor Level 1  
  133  12:19  Ultralisk Cavern  
  132  12:27  Baneling x10  
  132  12:33  Zergling x16  
  132  12:34  Zergling x4  
  126  12:48  Overseer x2  
  126  12:59  Hatchery  
  126  13:01  Baneling  
  126  13:02  Baneling x20  
  126  13:05  Baneling  
  125  13:06  Baneling x4  
  125  13:17  Zergling x14  
  102  13:36  Zergling x26  
  102  13:37  Zergling x2  
  116  13:47  Chitinous Plating  
  99  14:06  Ultralisk x2  
  111  14:16  Ultralisk  
  117  14:28  Ultralisk  
  123  14:36  Ultralisk  
  123  14:37  Zergling x4  
  123  14:38  Zergling x4  
  133  14:54  Baneling x8  
  133  14:55  Zergling x16  
Show
View Real Time Build Order
Export as new Build Order

OniKratos Terran 

Build Orders: Mech 

Get SALT Encoding   

  12  0:01  SCV  
  13  0:13  SCV  
  14  0:18  Supply Depot  
  14  0:26  SCV  
  15  0:32  Refinery  
  15  0:39  SCV  
  16  0:45  Barracks  
  16  0:51  SCV  
  17  1:05  SCV, Barracks  
  18  1:17  SCV  
  19  1:29  Supply Depot  
  19  1:31  SCV  
  20  1:34  Barracks Reactor  
  20  1:43  Orbital Command  
  20  1:47  Refinery  
  20  1:54  Barracks Reactor  
  20  2:09  SCV  
  20  2:13  Reaper x2  
  23  2:24  Supply Depot, SCV  
  24  2:30  Reaper  
  24  2:35  Reaper  
  26  2:38  SCV  
  27  2:46  Command Center  
  27  2:51  Reaper  
  28  2:54  Reaper  
  28  2:56  SCV  
  30  3:03  Reaper  
  31  3:08  SCV  
  31  3:12  Reaper  
  33  3:25  Reaper  
  34  3:30  Command Center  
  34  3:34  Reaper  
  35  3:35  SCV  
  36  3:43  Reaper  
  36  3:47  Supply Depot  
  37  3:58  Reaper  
  37  3:59  Reaper  
  39  4:03  Engineering Bay, SCV x2  
  42  4:28  Marine x2  
  42  4:29  SCV  
  43  4:42  Marine  
  43  4:43  Marine  
  45  4:46  Terran Infantry Weapons Level 1  
  45  4:48  Factory  
  45  4:54  Marine x2  
  47  5:00  Marine  
  48  5:08  Marine  
  48  5:12  Marine  
  50  5:14  Factory  
  50  5:16  SCV x2  
  52  5:23  Marine x2  
  54  5:36  Marine x2  
  54  5:40  Factory Tech Lab  
  54  5:41  Marine x2  
  59  5:42  SCV  
  59  5:43  SCV, Factory  
  60  5:51  Planetary Fortress  
  60  5:54  Marine  
  61  6:01  Marine x2  
  61  6:02  Marine, Factory Tech Lab  
  61  6:04  SCV  
  64  6:12  Marine  
  64  6:13  Siege Tank  
  64  6:15  SCV  
  69  6:19  Marine  
  69  6:21  Marine x2  
  69  6:23  SCV  
  73  6:30  Marine  
  74  6:33  SCV x2  
  74  6:37  Marine  
  77  6:45  Refinery  
  77  6:46  Supply Depot  
  77  6:57  Supply Depot  
  77  7:07  Marine x2  
  77  7:08  Siege Tank, SCV x3  
  85  7:15  Marine  
  85  7:18  Siege Tank, Marine  
  89  7:24  Infernal Pre-Igniter  
  89  7:25  Marine x2  
  89  7:27  SCV x2  
  93  7:34  Factory Reactor  
  93  7:56  Marine  
  93  8:05  Marine  
  92  8:07  SCV  
  93  8:14  Supply Depot  
  93  8:15  Refinery, Supply Depot  
  93  8:29  Marine x2  
  93  8:35  Siege Tank, Marine x2  
  98  8:43  Siege Tank  
  98  8:47  Marine x2  
  103  8:53  Marine x2  
  103  9:05  Marine x2, Hellion x2  
  103  9:07  SCV  
  103  9:08  Orbital Command  
  109  9:10  Supply Depot  
  109  9:11  Supply Depot  
  109  9:13  Supply Depot  
  109  9:16  Command Center  
  109  9:22  Refinery x2  
  109  9:28  Structure Armor  
  109  9:31  Armory x2  
  109  9:32  Marine x4  
  112  9:50  Marine x4  
  106  9:54  Missile Turret  
  106  9:56  Missile Turret  
  106  9:57  SCV x2  
  106  9:58  Missile Turret  
  106  10:07  Marine x2  
  106  10:12  Missile Turret, SCV  
  104  10:30  Hellion x2  
  104  10:34  Terran Vehicle And Ship Armor Level 1, Terran Vehicle Weapons Level 1  
  104  10:37  SCV x4  
  108  10:44  Missile Turret  
  108  10:47  Smart Servos, Missile Turret  
  108  10:48  Missile Turret  
  108  10:53  Missile Turret  
  108  10:56  Orbital Command  
  108  11:02  Hellion x2  
  112  11:08  Hi-Sec Auto Tracking  
  112  11:15  Siege Tank x2  
  111  11:39  Marine x3  
  102  12:00  Marine x2  
  102  12:01  Marine x2  
  67  12:11  Thor x2  
  67  12:13  Hellion x2  
  81  12:18  SCV x2, Marine x3  
  81  12:19  Marine  
  81  12:37  Marine x2  
  81  12:38  Marine x2  
  81  12:39  Hellion  
  81  12:42  SCV  
  65  12:48  SCV x2  
  67  12:56  Marine x3  
  68  12:58  Hellion x2  
  68  13:02  SCV  
  69  13:10  SCV x2  
  71  13:14  SCV  
  71  13:16  Siege Tank  
  60  13:35  Thor  
  60  13:36  SCV x2  
  64  13:43  Widow Mine x2  
  67  14:01  SCV, Hellion  
  67  14:02  Orbital Command  
  64  14:04  Hellion  
  66  14:10  Hellion  
  68  14:26  Siege Tank  
  68  14:29  Hellion  
  68  14:30  Hellion  
  75  14:41  Hellion  
  77  14:51  Hellion  
Tags
 
Composition
Mech
League
Diamond
Matchup
TvZ
Spawn Locations
Close Positions
Add a new tag
Caveats
  • Supply blocks, unpowered buildings, or Contaminate may cause inaccurate times.
  • Supply counts are checked every 10 seconds.